 Dungeon Crawl Stone Soup version 0.30.2 (webtiles) character file.

Game seed: 7241963722233294002

1624680 caec the Sensei (level 26, 325/325 HPs)
             Began as a Purple Draconian Transmuter on Jan 10, 2024.
             Was the Champion of Hepliaklqana.
             Escaped with the Orb
             ... and 3 runes on Jan 19, 2024!
             The game lasted 06:49:21 (73553 turns).

caec the Sensei (Purple Draconian Transmuter)      Turns: 73553, Time: 06:49:21

Health: 325/325    AC: 30    Str: 32    XL:     26   Next: 45%
Magic:  48/48      EV: 29    Int: 13    God:    Hepliaklqana [******]
Gold:   3871       SH:  0    Dex: 37    Spells: 16/67 levels left

rFire   + .          .
                       - Unarmed
rCold   . . .        (shield currently unavailable)
rNeg    . . .        (body armour unavailable)
rPois   +            Y - melded +0 hat of Eghenet {rN++ Will+ Str-5 Int+3}
rElec   .            N - melded +2 cloak {rPois}
rCorr   +            U - melded +2 pair of gloves "Muodiu Qucs" {Dex+2}
SInv    .            S - melded +0 pair of boots "Tuatri" {Fly rC+ rN+}
Will    +++..        d - amulet of Uruangic {rF+ Regen+ Str+3 Slay+2}
Stlth   ++           P - ring of Xonkofeo {rCorr Str+6 Dex+7 Slay+2 Stlth-}
HPRegen 1.54/turn    H - ring of the Tortoise {AC+8}
MPRegen 0.31/turn

%: no passive effects
@: dragon-form, flying, studying Polearms
A: dragon claw, dragon scales, flying, boosted hp, reduced essence, breathe
power, AC +12, giant, unfitting armour, (cold-blooded), thin skeletal structure
2, agile 1, (cold resistance 1), MP-powered wands
0: Orb of Zot
}: 3/15 runes: barnacled, silver, gossamer
a: Breathe Dispelling Energy, End Transformation, Renounce Religion, Recall
Ancestor, Ancestor Identity, Transference, Idealise


You escaped.
You worshipped Hepliaklqana.
Hepliaklqana was exalted by your worship.
You were a fearsome quicksilver dragon!
You visited 11 branches of the dungeon, and saw 49 of its levels.
You visited 3 bazaars.
You also visited: Sewer, Bailey, Volcano and Wizlab.

You collected 8431 gold pieces.
You spent 4560 gold pieces at shops.

Inventory:

Missiles
 X - a throwing net (quivered)
Armour
 N - a +2 cloak of poison resistance (melded)
 S - the +0 pair of boots "Tuatri" (melded) {Fly rC+ rN+}
   (You acquired it in a bazaar)

   rC:        It protects you from cold.
   rN:        It protects you from negative energy.
   Fly:       It grants you flight.
 U - the +2 pair of gloves "Muodiu Qucs" (melded) {Dex+2}
   (You found it in a volcano)

   Dex:       It affects your dexterity (+2).
 Y - the +0 hat of Eghenet (melded) {rN++ Will+ Str-5 Int+3}
   (You acquired it on level 3 of the Vaults)

   Str:       It affects your strength (-5).
   Int:       It affects your intelligence (+3).
   rN:        It greatly protects you from negative energy.
   Will:      It increases your willpower.
Jewellery
 d - the amulet of Uruangic (around neck) {rF+ Regen+ Str+3 Slay+2}
   (You found it on level 2 of the Realm of Zot)

   [amulet of regeneration]

   Str:       It affects your strength (+3).
   Slay:      It affects your accuracy & damage with ranged weapons and melee
   (+2).
   rF:        It protects you from fire.
   Regen:     It increases your rate of health regeneration.
 s - a ring of see invisible
 w - a ring of fire
 H - the ring of the Tortoise (right foreclaw) {AC+8}
   (You took it off a deep elf death mage on level 3 of the Elven Halls)

   [ring of protection]

   AC:        It affects your AC (+8).
 O - the ring of Onoudin {Drain rF+ Will+++ rCorr Str-3}
   (You found it on level 5 of the Vaults)

   [ring of protection from fire]

   Str:       It affects your strength (-3).
   rF:        It protects you from fire.
   rCorr:     It protects you from acid and corrosion.
   Drain:     It drains your maximum health when unequipped.
   Will:      It greatly increases your willpower.
 P - the ring of Xonkofeo (left foreclaw) {rCorr Str+6 Dex+7 Slay+2 Stlth-}
   (You acquired it on level 6 of the Dungeon)

   [ring of strength]

   Str:       It affects your strength (+6).
   Dex:       It affects your dexterity (+7).
   Slay:      It affects your accuracy & damage with ranged weapons and melee
   (+2).
   rCorr:     It protects you from acid and corrosion.
   Stlth:     It makes you less stealthy.
 Q - an amulet of reflection
 V - a ring of fire
Wands
 e - a wand of flame (11)
 l - a wand of quicksilver (17)
 m - a wand of paralysis (59)
 p - a wand of digging (17)
 q - a wand of mindburst (13)
 t - a wand of iceblast (21)
 E - a wand of polymorph (31)
Scrolls
 a - 13 scrolls of enchant armour
 b - 25 scrolls of teleportation
 f - 12 scrolls of vulnerability
 k - 11 scrolls of poison
 n - 3 scrolls of amnesia
 r - 17 scrolls of fog
 y - 4 scrolls of magic mapping
 B - 6 scrolls of enchant weapon
 C - 15 scrolls of blinking
 D - 4 scrolls of summoning
 I - 6 scrolls of fear
 J - 4 scrolls of silence
 L - 14 scrolls of immolation
 W - 2 scrolls of brand weapon
 Z - 3 scrolls of torment
Potions
 c - 7 potions of brilliance
 g - 26 potions of curing
 h - 19 potions of flight
 i - 16 potions of might
 j - 7 potions of cancellation
 o - 11 potions of magic
 u - 4 potions of ambrosia
 v - 11 potions of attraction
 x - 6 potions of mutation
 z - 11 potions of haste
 A - 12 potions of heal wounds
 F - 3 potions of resistance
 M - 3 potions of invisibility
 R - 6 potions of berserk rage
Miscellaneous
 G - the horn of Geryon
 T - a box of beasts


   Skills:
 + Level 20.8 Fighting
 + Level 17.9 Dodging
 + Level 22.9 Unarmed Combat
 + Level 21.0 Spellcasting
 + Level 22.0 Hexes
 + Level 20.5 Transmutations
 - Level 5.0 Invocations
 + Level 8.7 Evocations


You had 16 spell levels left.
You knew the following spells:

 Your Spells              Type           Power      Damage    Failure   Level
a - Irradiate             Conj/Tmut      20%        3d18      1%          5
b - Wereblood             Tmut           61%        N/A       0%          2
c - Cause Fear            Hex            31%        N/A       0%          4
d - Ice Form              Ice/Tmut       40%        N/A       1%          4
e - Statue Form           Tmut/Erth      26%        N/A       9%          6
f - Yara's Violent Unrav  Hex/Tmut       31%        3d13      0%          5
g - Dragon Form           Tmut           30%        N/A       1%          7
h - Tukima's Dance        Hex            63%        N/A       0%          3
i - Enfeeble              Hex            31%        N/A       1%          7
j - Discord               Hex            31%        N/A       2%          8

Your spell library contained the following spells:

 Spells                   Type           Power      Damage    Failure   Level
 Beastly Appendage        Tmut           100%       N/A       0%          1
 Sting                    Tmut/Pois      100%       1d8       1%          1
 Ensorcelled Hibernation  Hex/Ice        84%        N/A       1%          2
 Passwall                 Tmut/Erth      33%        N/A       1%          2
 Dazzling Flash           Conj/Hex       84%        N/A       1%          3
 Ignite Poison            Fire/Tmut/Pois 31%        N/A       1%          3
 Inner Flame              Hex/Fire       42%        N/A       1%          3
 Spider Form              Tmut/Pois      40%        N/A       1%          3
 Summon Guardian Golem    Hex/Summ       42%        N/A       1%          3
 Anguish                  Hex/Necr       21%        N/A       1%          4
 Fulminant Prism          Conj/Hex       21%        3d12      1%          4
 Leda's Liquefaction      Hex/Erth       21%        N/A       1%          4
 Alistair's Intoxication  Tmut/Pois      26%        N/A       1%          5
 Blade Hands              Tmut           30%        N/A       1%          5
 Silence                  Hex/Air        21%        N/A       1%          5
 Summon Mana Viper        Hex/Summ       42%        N/A       1%          5
 Apportation              Tloc           26%        N/A       3%          1
 Foxfire                  Conj/Fire      52%        2x1d6     3%          1
 Freeze                   Ice            52%        1d6       3%          1
 Magic Dart               Conj           52%        1d5       3%          1
 Necrotise                Necr           52%        1d6       3%          1
 Shock                    Conj/Air       52%        1d6       3%          1
 Summon Small Mammal      Summ           52%        N/A       3%          1
 Blink                    Tloc           26%        N/A       5%          2
 Call Imp                 Summ           26%        N/A       5%          2
 Cigotuvi's Dreadful Rot  Necr/Pois/Air  26%        N/A       5%          2
 Lesser Beckoning         Tloc           26%        N/A       5%          2
 Momentum Strike          Conj/Tloc      26%        3d8       5%          2
 Poisonous Vapours        Pois/Air       26%        N/A       5%          2
 Searing Ray              Conj           26%        2d5       5%          2
 Static Discharge         Conj/Air       26%        2-4/arc   5%          2
 Eringya's Noxious Bog    Tmut/Pois      20%        N/A       9%          6
 Call Canine Familiar     Summ           13%        N/A       11%         3
 Frozen Ramparts          Ice            26%        1d4       11%         3
 Hailstorm                Conj/Ice       13%        3d5       11%         3
 Mephitic Cloud           Conj/Pois/Air  13%        N/A       11%         3
 Ozocubu's Armour         Ice            13%        N/A       11%         3
 Stone Arrow              Conj/Erth      26%        3d8       11%         3
 Swiftness                Air            13%        N/A       11%         3
 Vampiric Draining        Necr           13%        2d6       11%         3
 Vhi's Electric Charge    Tloc/Air       26%        N/A       11%         3
 Volatile Blastmotes      Fire/Tloc      26%        2d12      11%         3
 Airstrike                Air            6%         2d(1-17)  34%         4
 Animate Dead             Necr           13%        N/A       34%         4
 Dispel Undead            Necr           13%        3d9       34%         4
 Flame Wave               Conj/Fire      13%        2d6       34%         4
 Iskenderun's Mystic Bla  Conj/Tloc      13%        2d5       34%         4
 Olgreb's Toxic Radiance  Pois           13%        N/A       34%         4
 Passage of Golubria      Tloc           13%        N/A       34%         4
 Sticky Flame             Conj/Fire      13%        2d4       34%         4
 Summon Ice Beast         Ice/Summ       13%        N/A       34%         4
 Summon Lightning Spire   Summ/Air       13%        N/A       34%         4
 Storm Form               Tmut/Air       20%        N/A       41%         7
 Agony                    Necr           13%        N/A       69%         5
 Fireball                 Conj/Fire      6%         3d5       69%         5
 Freezing Cloud           Conj/Ice/Air   6%         6-21      69%         5
 Lee's Rapid Deconstruct  Erth           6%         3d6*      69%         5
 Summon Forest            Summ/Tloc      6%         N/A       69%         5
 Necromutation            Tmut/Necr      20%        N/A       98%         8
 Conjure Ball Lightning   Conj/Air       6%         3x3d6     99%         6
 Death Channel            Necr           6%         N/A       99%         6
 Iron Shot                Conj/Erth      6%         9d2       99%         6
 Plasma Beam              Fire/Air       6%         2x1d18    99%         6
 Simulacrum               Ice/Necr       6%         N/A       99%         6
 Starburst                Conj/Fire      6%         6d4       99%         6
 Summon Cactus Giant      Summ           6%         N/A       99%         6
 Haunt                    Necr/Summ      6%         N/A       100%        7
 Malign Gateway           Summ/Tloc      6%         N/A       100%        7
 Monstrous Menagerie      Summ           6%         N/A       100%        7
 Orb of Destruction       Conj           6%         9d6       100%        7
 Ozocubu's Refrigeration  Ice            6%         4d8       100%        7
 Summon Hydra             Summ           6%         N/A       100%        7
 Ignition                 Fire           6%         3d4       100%        8
 Infestation              Necr           6%         N/A       100%        8
 Lehudib's Crystal Spear  Conj/Erth      6%         10d3      100%        8
 Maxwell's Capacitive Co  Air            6%         ∞         100%        8
 Summon Horrible Things   Summ           6%         N/A       100%        8
 Dragon's Call            Summ           6%         N/A       100%        9
 Animate Armour           Summ/Erth      Unusable   N/A       N/A         4

Dungeon Overview and Level Annotations

Branches:
Dungeon (15/15)            Temple (1/1) D:4            Lair (5/5) D:8
 Shoals (4/4) Lair:2       Spider (4/4) Lair:3        Slime (0/5) Lair:4
    Orc (2/2) D:9             Elf (3/3) Orc:2        Vaults (5/5) D:14
  Crypt (0/3) Vaults:3     Depths (4/4) D:15           Hell (visited)
    Dis (0/7) Hell            Geh (0/7) Hell            Coc (0/7) Hell
    Tar (0/7) Hell            Zot (5/5) Depths:4      Sewer (visited)
 Bailey (visited)         Volcano (visited)          WizLab (visited)

Altars:
Ashenzari
Cheibriados
Dithmenos
Elyvilon
Fedhas
Gozag
Hepliaklqana
Kikubaaqudgha
Makhleb
Nemelex Xobeh
Okawaru
Qazlal
Ru
Sif Muna
Trog
Uskayaw
Vehumet
Wu Jian
Xom
Yredelemnul
Zin
The Shining One

Shops:
D:6 ?   D:12 [   D:14 (   Orc:2 ?*[?*   Elf:2 =   Elf:3 [   Vaults:2 *
Depths:3 :!**

Portals:
Hell: Depths:1 Depths:2 Depths:3 Depths:4
Abyss: Depths:3
Pandemonium: Depths:2
Ziggurat: Depths:1

Annotations:
Elf:3 2 transporters, groovy9's ghost, adept MiBe


Innate Abilities, Weirdness & Mutations

You are a fearsome quicksilver dragon!
You have a powerful clawing attack.
Your giant scaled body is strong and resiliant, but less evasive.
Your breath weapon is enhanced in this form.
You are flying.
Your maximum health is greatly increased.
Your armour is entirely melded.
You are incapable of wielding weapons or throwing items.
Your life essence is reduced to manifest your ancestor. (-10% HP)
You can breathe bolts of dispelling energy.
Your rich purple scales are hard. (AC +12)
You cannot fit into any form of body armour.
((You are cold-blooded and may be slowed by cold attacks.))
You have a moderately thin skeletal structure. (Dex +4, Stealth++)
You are agile. (Dex +4, Str/Int -1)
((Your flesh is cold resistant. (rC+)))
You expend magic power (3 MP) to strengthen your wands.


Message History

You reach down and open the door.
There is an open door here.
There is a stone staircase leading up here.
You fly upwards.
There is a stone staircase leading down here.
You swap places.
There is a stone staircase leading up here.
You fly upwards.
There is a stone staircase leading down here.
There is an open door here.
There is an open door here.
There is an open door here.
Your transformation is almost over.
HP restored.
Your transformation has ended.
Your +2 cloak of poison resistance unmelds from your body.
The +0 hat of Eghenet {rN++ Will+ Str-5 Int+3} unmelds from your body.
The +2 pair of gloves "Muodiu Qucs" {Dex+2} unmelds from your body.
The +0 pair of boots "Tuatri" {Fly rC+ rN+} unmelds from your body.
You feel resistant to poison.
You fly up into the air.
Casting: Dragon Form (mildly dangerous; 1% risk of failure)
Confirm with . or Enter, or press ? or * to list all spells.
You turn into a fearsome quicksilver dragon!
Your +2 cloak of poison resistance melds into your body.
The +0 hat of Eghenet {rN++ Will+ Str-5 Int+3} melds into your body.
The +2 pair of gloves "Muodiu Qucs" {Dex+2} melds into your body.
The +0 pair of boots "Tuatri" {Fly rC+ rN+} melds into your body.
You no longer feel resistant to poison.
You float gracefully downwards.
A rust devil comes into view.
There is a stone staircase leading up here.
You maul the rust devil!!!
You kill the rust devil!
You fly upwards.
There is a stone staircase leading down here.
You swap places.
A Tzitzimitl comes into view.
Press: ? - help, v - describe, . - travel The floor.
There is a staircase leading out of the dungeon here.
You have escaped!

....# #.............#.#####
....# ######.#####..####.#
....# #....R.........# #.#
....# #..♣♣♣♣♣♣♣♣♣...###.#
....# #.♣..PP..PP♣.......#
....# #.♣...P..PP♣....####
....# ##.♣P.R.PP..♣....###
....#####..♣PP...P..♣....>.#
###........♣..P.D.PP♣...#.##
#.....#..♣..PP...P♣...#.#
#.....##.♣PP..P...♣...#.#####
#.....##.♣PP..PP..♣.###.....#
#.....##.♣♣♣♣♣♣♣♣♣..#######.#
#.....##............##...##.#
###.....###.############.#....#
.................# #.######
###.....########.# #.#


You could see the friendly Cynebald the knight (reflecting).

Vanquished Creatures
  2 dread liches
  2 ancient liches
  2 orbs of fire
  Mara (Vaults:2)
  A juggernaut (Depths:3)
  7 Killer Klowns (Zot:5)
  Parghit (Depths:4)
  Bai Suzhen (Depths:1)
  8 caustic shrikes
  Xtahua (Vaults:2)
  Geryon (Hell)
  Saint Roka (Vaults:1)
  8 golden dragons
  Arachne (Spider:2)
  Jory (Vaults:2)
  Nikola (Elf:3)
  4 electric golems
  12 tentacled monstrosities
  A walking crystal tome (Depths:4)
  23 Orb Guardians
  A lich (Vaults:5)
  Mlioglotl (Shoals:1)
  7 quicksilver dragons
  3 deep elf blademasters
  2 deep elf master archers (Elf:3)
  A walking divine tome (Depths:3)
  The ghost of laqueoix the Bludgeoner, an adept MiGl of Wu Jian (Shoals:2)
  A kraken (Shoals:2)
  A tentacled starspawn (WizLab)
  11 death cobs
  7 sphinxes
  8 storm dragons
  9 shadow dragons
  3 tengu reavers
  Donald (Elf:3)
  Agnes (D:14)
  Ilsuiw (Shoals:2)
  6 draconian monks
  3 fire giants
  A revenant (Hell)
  Roxanne (Spider:3)
  A draconian knight (Zot:3)
  2 emperor scorpions (Spider:4)
  10 vault wardens
  9 deep elf sorcerers
  4 iron dragons
  8 ghost moths
  3 draconian scorchers
  Aizul (Spider:2)
  A balrug (Depths:4)
  11 frost giants
  5 orc warlords
  4 draconian stormcallers
  A juggernaut zombie (Depths:1)
  A curse skull (Vaults:3)
  7 deep elf elementalists (Elf:3)
  3 draconian shifters
  A ghoul (Vaults:3)
  4 draconian annihilators
  A reaper (Hell)
  9 very ugly things
  5 war gargoyles
  4 demonspawn corrupters (WizLab)
  A juggernaut skeleton (Depths:2)
  A broodmother (Spider:3)
  11 stone giants
  16 ironbound preservers
  4 ironbound thunderhulks
  9 green draconians
  2 vampire knights
  9 deep elf demonologists
  5 red draconians
  8 black draconians
  3 yellow draconians
  The ghost of Adaovve the Grappler, a journeyman TrFi of Okawaru (D:13)
  7 white draconians
  8 purple draconians
  5 deep elf annihilators (Elf:3)
  8 dire elephants
  6 spark wasps
  6 ettins
  2 iron golems (Hell)
  A blizzard demon (D:9)
  Snorg (D:11)
  12 fire dragons
  8 merfolk javelineers
  6 merfolk impalers
  8 deep elf high priests
  6 deep elf death magi
  A crystal guardian (Vaults:2)
  A quicksilver dragon zombie (Depths:3)
  5 entropy weavers
  4 great orbs of eyes
  6 yaktaur captains
  10 vault guards
  2 catoblepae
  7 ice dragons
  A spriggan zombie (Depths:3)
  A radroach (Spider:3)
  2 alligator snapping turtles
  3 hydras
  A hell beast (D:12)
  2 spriggan air magi
  2 peacekeepers
  6 merfolk avatars
  9 centaur warriors
  9 two-headed ogres
  29 dancing weapons
  2 satyrs (Shoals:4)
  10 boulder beetles
  A jorogumo (Spider:3)
  6 ironbound frosthearts
  An anaconda (shapeshifter) (Vaults:1)
  A merfolk aquamancer (Shoals:4)
  4 deep troll shamans
  12 death yaks
  2 deep troll earth magi (Depths:4)
  An orc high priest (Elf:3)
  2 spriggan berserkers
  A sun demon (Hell)
  3 tengu warriors
  3 hell knights
  The ghost of minichibis the Cudgeller, a novice TrGl of Okawaru (D:6)
  24 deep elf knights
  5 soul eaters
  2 sixfirhies (Zot:5)
  4 sun moths
  10 skysharks
  15 sea snakes
  5 skeletal warriors (D:12)
  2 iron trolls
  6 pharaoh ants
  2 flayed ghosts
  A glowing orange brain (WizLab)
  10 orb spiders
  An anaconda zombie (Hell)
  7 deep elf archers
  57 deep trolls
  14 wizards
  7 steelbarb worms
  11 ironbound convokers
  15 lindwurms
  36 deep elf pyromancers
  6 phantasmal warriors
  A swamp dragon (WizLab)
  30 deep elf zephyrmancers
  A wolf spider zombie (D:14)
  4 necromancers
  A wolf spider (shapeshifter) (Vaults:5)
  20 harpies
  2 orc sorcerers
  12 orc knights
  17 wolf spiders
  A stone giant zombie (Vaults:4)
  52 ugly things
  10 cyclopes
  3 worldbinders (WizLab)
  10 manticores
  A human zombie (Vaults:4)
  A centaur zombie (D:13)
  A tengu skeleton (Depths:2)
  3 fire giant zombies
  8 fauns
  A spectral centaur (D:13)
  2 sphinx skeletons
  21 elephants
  19 moths of wrath
  A salamander (Volcano)
  23 vault sentinels
  A frost giant skeleton (Depths:3)
  12 demonic crawlers
  5 rust devils
  4 molten gargoyles (Hell)
  2 fire giant skeletons
  5 water nymphs
  10 merfolk sirens
  4 smoke demons (Hell)
  3 black mambas
  A guardian serpent (shapeshifter) (Elf:3)
  3 torpor snails
  4 gargoyles
  A water nymph (shapeshifter) (Vaults:2)
  An unseen horror (D:12)
  9 cane toads
  11 komodo dragons
  A sea snake zombie (Hell)
  An efreet (Depths:4)
  12 yaktaurs
  A freezing wraith (D:15)
  A tengu conjurer (Depths:4)
  4 rime drakes
  An anaconda simulacrum (Hell)
  4 trolls
  A meliai (shapeshifter) (Elf:1)
  15 merfolk
  6 meliai
  A hydra zombie (Hell)
  2 polar bears (Lair:5)
  8 wind drakes
  A tengu simulacrum (Depths:1)
  2 hydra skeletons (Hell)
  16 tarantellas
  8 blink frogs
  11 dream sheep
  4 hornets
  An ettin zombie (Depths:1)
  8 snapping turtles
  3 centaur simulacra
  19 jumping spiders
  Sigmund (D:2)
  6 air elementals
  4 shadows (D:9)
  26 slime creatures
  A spriggan (Depths:3)
  6 water elementals
  22 culicivoras
  2 wraiths
  2 fire bats (Volcano)
  A vampire (D:10)
  A ynoxinul (Depths:4)
  A wyvern (Lair:5)
  57 yaks
  A basilisk (Lair:2)
  An alligator snapping turtle simulacrum (Shoals:2)
  Grum (D:9)
  2 death yak simulacra (Shoals:2)
  5 fire elementals
  43 redbacks
  13 vampire mosquitoes
  2 steam dragons
  A swamp worm (shapeshifter) (D:15)
  2 wargs
  A harpy simulacrum (Shoals:2)
  An acid dragon (D:9)
  An acid dragon (shapeshifter) (Vaults:4)
  A hell hound (Hell)
  A floating eye (Depths:4)
  8 water moccasins
  A meliai simulacrum (D:13)
  A glowing shapeshifter skeleton (Vaults:4)
  5 black bears
  7 ogres
  30 orc warriors
  An ice beast (D:6)
  2 sky beasts (D:8)
  An alligator simulacrum (Hell)
  2 boggarts (Vaults:1)
  22 centaurs
  11 wolves
  3 kobold brigands
  Blork the orc (D:5)
  10 bullfrogs
  3 scorpions
  4 earth elementals
  A gnoll sergeant (D:13)
  2 merfolk simulacra (Shoals:2)
  A faun simulacrum (Shoals:2)
  4 wights (D:8)
  A troll zombie (D:9)
  A human simulacrum (Vaults:4)
  4 electric eels
  5 howler monkeys
  2 lava snakes (D:8)
  6 hounds
  A jelly (D:7)
  10 orc priests
  A cyclops simulacrum (Shoals:2)
  2 sleepcaps
  2 iguanas
  A gnoll bouda (D:6)
  13 orc wizards
  5 ogre zombies (D:9)
  A boggart simulacrum (D:15)
  A mummy (D:7)
  6 gnolls
  4 adders
  A shadow imp (D:6)
  A white imp (D:6)
  An ufetubus (D:4)
  2 worms
  2 dart slugs
  47 orcs
  6 ball pythons
  6 endoplasms
  5 giant cockroaches
  10 goblins
  7 hobgoblins
  4 jackals (D:3)
  4 quokkas
  6 bats
  5 frilled lizards
  A goblin skeleton (D:9)
  4 goblin zombies
  2 hobgoblin zombies (D:9)
  26 kobolds
  3 orc skeletons (D:9)
  11 orc zombies
  7 rats
  2 tentacles (Shoals:2)
1796 creatures vanquished.

Vanquished Creatures (collateral kills)
  A dread lich (Zot:5)
  An ancient lich (Vaults:5)
  2 orbs of fire (Zot:5)
  A caustic shrike (Depths:4)
  A golden dragon (Depths:4)
  5 Orb Guardians (Zot:5)
  2 tentacled monstrosities
  2 titans
  2 quicksilver dragons
  A sphinx (Vaults:4)
  A shadow dragon (Vaults:5)
  5 draconian monks
  2 nagarajas (WizLab)
  3 draconian knights (Zot:1)
  2 fire giants
  2 frost giants
  2 deep elf sorcerers
  An emperor scorpion (Spider:4)
  2 draconian scorchers
  3 reapers
  3 ironbound preservers
  4 draconian annihilators
  4 draconian stormcallers
  A draconian shifter (Zot:3)
  9 very ugly things
  2 war gargoyles (Vaults:5)
  10 black draconians
  3 stone giants
  8 green draconians
  A demonspawn black sun (D:12)
  7 white draconians
  3 purple draconians
  2 yellow draconians
  6 red draconians
  An ettin (Vaults:5)
  3 deep elf death magi
  A merfolk impaler (Shoals:1)
  2 fire dragons
  2 entropy weavers
  2 deep elf high priests
  A rakshasa (Depths:3)
  4 yaktaur captains
  A hydra (D:14)
  13 vault guards (Vaults:5)
  An ice dragon (Depths:2)
  A radroach (Spider:4)
  2 centaur warriors (D:13)
  A jorogumo (Spider:3)
  2 merfolk avatars
  2 two-headed ogres
  A merfolk aquamancer (Shoals:4)
  A tengu warrior (Depths:3)
  A death yak (Lair:3)
  A satyr (Shoals:2)
  A deep troll earth mage (Depths:2)
  A deep troll shaman (Depths:4)
  A dancing weapon (Elf:3)
  2 spriggan berserkers
  3 soul eaters (Hell)
  3 deep elf knights
  11 hell knights
  A sun demon (Hell)
  A skyshark (shapeshifter) (Vaults:5)
  A shadow wraith (Vaults:5)
  A pharaoh ant (Spider:4)
  A sea snake (Shoals:1)
  A spriggan druid (WizLab)
  4 iron trolls
  A kraken simulacrum (Shoals:2)
  An orb spider (Spider:4)
  A death drake (Depths:4)
  An orange crystal statue (D:8)
  The ghost of bigmatt the Cleaver, a novice HOFi of Nemelex Xobeh (D:7)
  4 wizards
  8 deep trolls
  3 ironbound convokers
  A phantasmal warrior (Vaults:1)
  5 orc knights
  7 deep elf zephyrmancers
  9 ugly things
  A harpy (Shoals:3)
  5 necromancers
  6 deep elf pyromancers
  4 wolf spiders
  3 elephants
  A worldbinder (WizLab)
  6 manticores
  2 fauns (Shoals:1)
  5 moths of wrath
  3 cyclopes (Shoals:3)
  4 vault sentinels
  2 black mambas
  2 merfolk sirens
  3 rust devils (Hell)
  A demonic crawler (Spider:1)
  2 water nymphs
  A smoke demon (Hell)
  An ice statue (Hell)
  Joseph (D:10)
  A molten gargoyle (Hell)
  2 torpor snails (Spider:1)
  6 yaktaurs
  A hydra zombie (Hell)
  7 knights
  A tengu conjurer (Depths:2)
  A sea snake skeleton (Hell)
  5 merfolk
  A wind drake (Shoals:3)
  5 tarantellas
  A troll (Vaults:5)
  A tarantella (shapeshifter) (Depths:3)
  A snapping turtle (shapeshifter) (Vaults:5)
  4 dream sheep
  2 blink frogs (Lair:5)
  2 snapping turtles
  3 culicivoras
  2 slime creatures
  An air elemental (Elf:1)
  A centaur simulacrum (D:13)
  2 jumping spiders (Spider:1)
  4 yaks
  2 wyverns
  Eustachio (D:6)
  A shadow (D:12)
  3 alligator snapping turtle simulacra (Shoals:2)
  A human (shapeshifter) (Elf:1)
  4 water elementals
  7 redbacks
  A warg (Vaults:1)
  2 harpy simulacra (Shoals:2)
  An acid dragon (D:9)
  2 water moccasins
  4 hell hounds
  A glowing shapeshifter skeleton (Depths:3)
  9 orc warriors
  A sky beast (D:7)
  A satyr simulacrum (Shoals:2)
  3 ogres (Vaults:5)
  2 boggarts (Vaults:1)
  6 centaurs
  A centaur (shapeshifter) (D:14)
  A kobold brigand (D:8)
  2 bullfrogs
  3 faun simulacra (Shoals:2)
  A tengu skeleton (Depths:1)
  A lava snake (D:8)
  A hound (D:7)
  A cyclops simulacrum (Shoals:2)
  3 orc wizards
  9 orcs
  A goblin (D:7)
  6 kobolds
  A starspawn tentacle (WizLab)
  2 tentacles (Shoals:2)
413 creatures vanquished.

Vanquished Creatures (others)
  2 tengu reavers (Vaults:5)
  4 draconian knights
  A draconian scorcher (Zot:1)
  A stone giant (Vaults:5)
  Nessos (D:14)
  A very ugly thing (Depths:2)
  A green draconian (Depths:4)
  A red draconian (Depths:4)
  A white draconian (Zot:2)
  A yaktaur captain (Vaults:5)
  5 vault guards (Vaults:5)
  2 hell knights
  A spriggan (Depths:3)
  2 vault sentinels (Vaults:5)
  9 dancing weapons
  A yaktaur (Vaults:1)
  A hornet (Depths:3)
  3 water elementals (Elf:3)
  An air elemental (Elf:3)
  A redback (Spider:4)
  37 knights
  An orc wizard (D:6)
  5 ancestors
  2 orcs (Vaults:5)
  A starspawn tentacle (WizLab)
  7 tentacles (Shoals:2)
93 creatures vanquished.

Grand Total: 2302 creatures vanquished

Notes
Turn   | Place    | Note
-------+----------+-------------------------------------------
     0 | D:1      | caec the Draconian Transmuter began the quest for the Orb.
     0 | D:1      | Reached XP level 1. HP: 16/16 MP: 3/3
   259 | D:1      | Reached XP level 2. HP: 22/23 MP: 5/5
   262 | D:1      | Learned a level 2 spell: Wereblood
   534 | D:1      | Reached XP level 3. HP: 22/29 MP: 6/6
  1212 | D:2      | Noticed Sigmund
  1242 | D:2      | Killed Sigmund
  1243 | D:2      | Reached XP level 4. HP: 23/37 MP: 8/8
  1243 | D:2      | Reached XP level 5. HP: 26/42 MP: 9/9
  1910 | D:3      | Found a faded altar of an unknown god.
  1956 | D:3      | You fall into a shaft and drop 3 floors!
  2025 | D:6      | Noticed a steam dragon
  2030 | D:5      | Entered Level 5 of the Dungeon
  2055 | D:5      | Noticed a black bear
  2216 | D:5      | Reached XP level 6. HP: 50/50 MP: 10/10
  2271 | D:5      | Identified the +2 flail "Faruuta" {freeze, rF- Str+8}
  2275 | D:5      | Noticed Blork the orc
  2282 | D:5      | Killed Blork the orc
  2287 | D:5      | Learned a level 3 spell: Spider Form
  2451 | D:3      | Found a glowing drain.
  2461 | Sewer    | Entered a sewer
  2703 | Sewer    | Your scales start taking on a rich purple colour.
  2703 | Sewer    | Reached XP level 7. HP: 47/57 MP: 12/13
  3282 | D:3      | Found a shadowy altar of Dithmenos.
  3902 | D:4      | Found a staircase to the Ecumenical Temple.
  3914 | Temple   | Entered the Ecumenical Temple
  3986 | Temple   | Became a worshipper of Hepliaklqana the Forgotten
  4726 | D:5      | Reached skill level 5 in Transmutations
  5099 | D:5      | Found a hide-covered altar of Uskayaw.
  5279 | D:6      | Killed a steam dragon
  5280 | D:6      | Reached XP level 8. HP: 41/66 MP: 15/15
  5497 | D:6      | Reached skill level 5 in Spellcasting
  5566 | D:6      | Found a runed translucent door.
  5566 | D:6      | Noticed minichibis's ghost (novice TrGl)
  5576 | D:6      | Reached * piety under Hepliaklqana
  5597 | D:6      | Reached skill level 5 in Unarmed Combat
  5705 | D:6      | Found a sacrificial altar of Ru.
  5878 | D:6      | Noticed Eustachio
  5890 | D:6      | Killed Eustachio
  5948 | D:6      | Reached skill level 5 in Fighting
  5973 | D:6      | Reached XP level 9. HP: 47/66 MP: 17/17
  6098 | D:6      | Noticed a two-headed ogre
  6113 | D:6      | Killed a two-headed ogre
  6114 | D:6      | Reached skill level 5 in Dodging
  6423 | D:6      | Found Fougeuto's Magic Scroll Shoppe.
  6426 | D:6      | Bought a scroll of noise for 12 gold pieces
  6426 | D:6      | Bought a scroll of fear for 48 gold pieces
  6470 | D:6      | Learned a level 4 spell: Ice Form
  6499 | D:7      | Found a flagged portal.
  6545 | Bailey   | Entered a bailey
  6598 | Bailey   | Noticed an orc warlord
  6862 | Bailey   | Found a runed translucent gate.
  6880 | Bailey   | Found a runed translucent gate.
  6882 | Bailey   | Found a runed translucent gate.
  7103 | Bailey   | Killed an orc warlord
  7104 | Bailey   | Reached XP level 10. HP: 28/75 MP: 20/20
  7347 | Bailey   | Acquired caec's Textbook on Transmigration and Doom
  7349 | Bailey   | Acquired a +1 cloak of poison resistance
  7412 | D:7      | Learned a level 5 spell: Blade Hands
  7463 | D:7      | Found a runed translucent gate.
  7463 | D:7      | Found a runed translucent gate.
  7463 | D:7      | Found a runed translucent gate.
  7463 | D:7      | Noticed bigmatt's ghost (novice HOFi)
  7503 | D:7      | Gained mutation: You have a pair of small horns on your
                  | head. [potion of mutation]
  7503 | D:7      | Gained mutation: You are robust. (+10% HP) [potion of
                  | mutation]
  7665 | D:7      | Identified the +8 mace "Rung" {speed, rElec Int+4}
  7892 | D:7      | Found a burning altar of Makhleb.
  7953 | D:7      | Reached ** piety under Hepliaklqana
  8109 | D:7      | Remembered your ancestor Cynebald as a knight
  8150 | D:8      | Found a staircase to the Lair.
  8674 | D:8      | Noticed an orange crystal statue
  9497 | Lair:1   | Entered Level 1 of the Lair of Beasts
  9559 | Lair:1   | Noticed a black mamba
  9564 | Lair:1   | Killed a black mamba
  9634 | Lair:1   | Noticed a cane toad
  9648 | Lair:1   | Killed a cane toad
  9650 | Lair:1   | Reached skill level 10 in Transmutations
  9667 | Lair:1   | Reached XP level 11. HP: 88/93 MP: 23/23
  9757 | Lair:1   | Noticed a boulder beetle
  9777 | Lair:1   | Killed a boulder beetle
 10047 | Lair:1   | Got Sif Muna's Folio of Tropical Poison
 10066 | Lair:1   | Learned a level 5 spell: Yara's Violent Unravelling
 10313 | Lair:1   | Got the Quarto of the Creative Figure
 10516 | Lair:2   | Reached *** piety under Hepliaklqana
 11334 | Lair:2   | Reached skill level 1 in Invocations
 11334 | Lair:2   | Reached skill level 1 in Evocations
 11630 | Lair:2   | Found a staircase to the Shoals.
 12157 | Lair:3   | Noticed a six-headed hydra
 12444 | Lair:3   | Noticed a lindwurm
 12457 | Lair:3   | Killed a lindwurm
 12458 | Lair:3   | Reached XP level 12. HP: 85/103 MP: 25/25
 12535 | Lair:3   | Found a hole to the Spider Nest.
 12555 | Lair:3   | Reached **** piety under Hepliaklqana
 12577 | Lair:3   | Killed a six-headed hydra
 12679 | Lair:3   | Noticed an eight-headed hydra
 12691 | Lair:3   | Killed an eight-headed hydra
 13494 | Lair:4   | Noticed a death yak
 13495 | Lair:4   | Found a dark tunnel.
 13502 | Lair:4   | Noticed a death yak
 13505 | Lair:4   | Noticed a death yak
 13511 | Lair:3   | Killed a death yak
 13622 | Lair:3   | Killed a death yak
 13631 | Lair:4   | Killed a death yak
 13773 | Volcano  | Entered a volcano
 13786 | Volcano  | Noticed a two-headed ogre
 13787 | Volcano  | Noticed a two-headed ogre
 13791 | Volcano  | Killed a two-headed ogre
 13792 | Volcano  | Reached skill level 10 in Unarmed Combat
 13795 | Volcano  | Killed a two-headed ogre
 13799 | Volcano  | Identified the +2 pair of gloves "Muodiu Qucs" {Dex+2}
 13856 | Volcano  | Noticed a two-headed ogre
 13880 | Volcano  | Killed a two-headed ogre
 14432 | Lair:4   | Reached skill level 10 in Spellcasting
 14432 | Lair:4   | Reached XP level 13. HP: 111/111 MP: 27/27
 14444 | Lair:4   | Reached skill level 5 in Evocations
 14447 | Lair:4   | Reached skill level 5 in Invocations
 14468 | Lair:4   | Found a staircase to the Slime Pits.
 15216 | Lair:4   | Reached ***** piety under Hepliaklqana
 15509 | Lair:5   | Entered Level 5 of the Lair of Beasts
 15870 | Lair:5   | Reached skill level 10 in Fighting
 17003 | Lair:5   | Reached XP level 14. HP: 115/122 MP: 29/29
 17359 | Lair:5   | Found the +1 Delatra's gloves {ID++}
 17375 | Lair:5   | Identified the +1 helmet of Heti {Fly rPois Str+3 Dex-3}
 18082 | D:9      | Found a staircase to the Orcish Mines.
 18149 | D:9      | Found the +4 robe of Augmentation {Str+4 Int+4 Dex+4}
 18157 | D:9      | Found a stormy altar of Qazlal.
 18157 | D:9      | Found an iron altar of Okawaru.
 18440 | D:9      | Noticed Grum
 18458 | D:9      | Killed Grum
 18498 | D:9      | Found a bloodstained altar of Trog.
 18761 | D:9      | Learned a level 3 spell: Inner Flame
 18774 | D:10     | Entered Level 10 of the Dungeon
 19155 | D:10     | Found a shimmering altar of Xom.
 19192 | D:10     | Noticed Joseph
 19205 | D:10     | Killed Joseph
 19206 | D:10     | Reached skill level 1 in Hexes
 20420 | Orc:1    | Entered Level 1 of the Orcish Mines
 20691 | Orc:2    | Entered Level 2 of the Orcish Mines
 21400 | D:11     | Noticed Snorg
 21407 | D:11     | Killed Snorg
 21953 | D:12     | Found Hotoss's Armour Shoppe.
 22910 | D:12     | Reached skill level 10 in Dodging
 23261 | D:13     | Reached XP level 15. HP: 77/132 MP: 12/31
 23467 | D:13     | Found a runed translucent gate.
 23470 | D:13     | Found a runed translucent gate.
 23471 | D:13     | Found a runed translucent gate.
 23473 | D:13     | Noticed Adaovve's ghost (journeyman TrFi)
 23795 | D:13     | Reached skill level 5 in Hexes
 24582 | D:13     | Learned a level 7 spell: Dragon Form
 24597 | D:13     | Killed Adaovve's ghost
 24842 | Spider:1 | Entered Level 1 of the Spider Nest
 25380 | Spider:1 | Gained mutation: Your spells are a little easier to cast,
                  | but a little less powerful. [mutagenic glow]
 25457 | Spider:1 | Lost mutation: You have a pair of small horns on your head.
                  | [potion of mutation]
 25457 | Spider:1 | Lost mutation: Your spells are a little easier to cast, but
                  | a little less powerful. [potion of mutation]
 25457 | Spider:1 | Gained mutation: You expend magic power (3 MP) to
                  | strengthen your wands. [potion of mutation]
 25457 | Spider:1 | Gained mutation: You are partially covered in large bone
                  | plates. (SH +4) [potion of mutation]
 25457 | Spider:1 | Gained mutation: You are agile. (Dex +4, Str/Int -1)
                  | [potion of mutation]
 25457 | Spider:1 | Gained mutation: You have a pair of small horns on your
                  | head. [potion of mutation]
 26333 | Spider:1 | Identified the +1 leather armour "Viarunac" {rElec Str+2}
 26735 | Spider:2 | Noticed Arachne
 26761 | Spider:2 | Killed Arachne
 27391 | Spider:2 | Noticed Aizul
 27509 | Spider:2 | Killed Aizul
 28079 | Spider:3 | Reached XP level 16. HP: 110/141 MP: 0/32
 28331 | Spider:3 | Reached ****** piety under Hepliaklqana
 28407 | Spider:3 | Identified Roxanne's Verses on Transmogrification
 28407 | Spider:3 | Noticed Roxanne
 28578 | Spider:3 | Killed Roxanne
 28579 | Spider:3 | Reached skill level 15 in Unarmed Combat
 28973 | Spider:4 | Entered Level 4 of the Spider Nest
 32217 | Spider:4 | Got a gossamer rune of Zot
 32598 | Orc:2    | Found a staircase to the Elven Halls.
 32773 | Orc:2    | Found Qocoxip's Antique Armour Shoppe.
 32773 | Orc:2    | Found Nouc Gev's Assorted Antiques.
 32775 | Orc:2    | Found Ettanuep's Magic Scroll Boutique.
 32777 | Orc:2    | Found Ubbi's Magic Scroll Emporium.
 32824 | Orc:2    | Bought a scroll of acquirement for 884 gold pieces
 32848 | Orc:2    | Found Yreaf's Overcharged Wands.
 32886 | Orc:2    | Acquired 1137 gold pieces
 33376 | Elf:1    | Entered Level 1 of the Elven Halls
 33377 | Elf:1    | Paralysed by an air elemental for 1 turns
 33385 | Orc:2    | Reached XP level 17. HP: 150/150 MP: 33/34
 33422 | Elf:1    | Paralysed by an air elemental for 1 turns
 33560 | Elf:1    | Paralysed by an air elemental for 1 turns
 33934 | Elf:1    | Paralysed by an air elemental for 1 turns
 33936 | Elf:1    | Paralysed by an air elemental for 1 turns
 33938 | Elf:1    | Paralysed by an air elemental for 1 turns
 34094 | Elf:1    | Identified the +0 leather armour "Elorchuo" {rPois Str-5
                  | Stlth+}
 34396 | Elf:1    | Got the Spellbook of the Watchman
 34611 | Elf:1    | Learned a level 3 spell: Tukima's Dance
 34856 | Elf:2    | Paralysed by an air elemental for 1 turns
 34863 | Elf:2    | Found Kitazer's Jewellery Boutique.
 35099 | Elf:2    | Found a huge runed translucent gate.
 35099 | Elf:2    | Found a huge runed translucent gate.
 35099 | Elf:2    | Found a huge runed translucent gate.
 35099 | Elf:2    | Found a huge runed translucent gate.
 35099 | Elf:2    | Found a huge runed translucent gate.
 35327 | Elf:2    | Reached skill level 15 in Transmutations
 35336 | Elf:2    | Identified the orb "Sarr" {*channel, Int-4 Dex+4}
 36101 | Elf:2    | Got the Incunable of the Glacial Familiar
 36316 | Elf:2    | Noticed a deep elf blademaster
 36334 | Elf:2    | Killed a deep elf blademaster
 36605 | Elf:2    | Reached XP level 18. HP: 106/161 MP: 14/36
 37300 | Elf:3    | Entered Level 3 of the Elven Halls
 37305 | Elf:3    | Noticed Donald
 37434 | Elf:3    | Killed Donald
 37641 | Elf:3    | Noticed Nikola
 37655 | Elf:3    | Killed Nikola
 37706 | Elf:3    | Found a magical portal.
 37711 | WizLab   | Entered Alistair's Party Mansion
 38301 | WizLab   | Reached skill level 15 in Spellcasting
 38414 | WizLab   | Noticed a golden dragon
 38421 | WizLab   | Noticed a golden dragon
 38422 | WizLab   | Noticed a golden dragon
 38430 | WizLab   | Noticed a golden dragon
 38695 | WizLab   | Reached skill level 10 in Hexes
 38703 | WizLab   | Noticed a golden dragon
 39131 | Elf:3    | Found Ydgheh's Armour Emporium.
 39286 | Elf:3    | Paralysed by an air elemental for 1 turns
 39434 | Elf:3    | Noticed groovy9's ghost (adept MiBe)
 39471 | Elf:3    | Found a transporter.
 39480 | Elf:3    | Found a transporter.
 39651 | Elf:3    | Reached skill level 15 in Fighting
 39791 | Elf:3    | Noticed an Ice Fiend
 40453 | Elf:3    | Identified the +7 mace of Yttiteph {protect, rElec rPois
                  | Dex+2}
 40461 | Elf:3    | Reached XP level 19. HP: 170/170 MP: 23/38
 40472 | Elf:3    | Identified the +4 scale mail "Wushraodu" {-Tele Fly Will+
                  | MP+9 Int+3}
 40475 | Elf:3    | Identified the +7 morningstar "Tattletale" {spect, Drain
                  | rF+ Dex+3 Stlth+}
 40672 | Elf:3    | Got Costram's Advanced Guide to Cryptic Knowledge
 40684 | Elf:3    | Identified the +3 chain mail "Naomic" {Regen+ rCorr Dex+3}
 40685 | Elf:3    | Identified the +1 helmet of Wuqam {rC+++ Str-2 SInv Stlth+}
 40839 | Elf:3    | Identified the +5 shortbow of Innocence {elec, rN+}
 40845 | Elf:3    | Identified the +2 ring mail "Otaxiuz" {-Tele rElec rN+
                  | Stlth+}
 41147 | D:6      | Killed minichibis's ghost
 41247 | D:7      | Killed bigmatt's ghost
 41382 | D:8      | Acquired a book of Transfigurations
 41390 | D:8      | Learned a level 5 spell: Irradiate
 41500 | D:6      | Bought 2 scrolls of acquirement for 1248 gold pieces
 41500 | D:6      | Acquired a book of Hexes
 41502 | D:6      | Acquired the ring of Xonkofeo {rCorr Str+6 Dex+7 Slay+2
                  | Stlth-}
 41661 | Orc:2    | Bought a scroll of teleportation for 42 gold pieces
 41661 | Orc:2    | Bought a scroll of blinking for 105 gold pieces
 41661 | Orc:2    | Bought a scroll of blinking for 105 gold pieces
 41661 | Orc:2    | Bought a scroll of blinking for 105 gold pieces
 41671 | Orc:2    | Bought a scroll of teleportation for 51 gold pieces
 41671 | Orc:2    | Bought a scroll of blinking for 127 gold pieces
 41678 | Orc:2    | Learned a level 4 spell: Cause Fear
 41858 | Shoals:1 | Entered Level 1 of the Shoals
 42871 | Shoals:2 | Noticed Mlioglotl
 42905 | Shoals:2 | Noticed Ilsuiw
 42909 | Shoals:1 | Killed Mlioglotl
 43046 | Shoals:2 | Found a large runed translucent door.
 43574 | Shoals:2 | Found a large runed translucent door.
 43576 | Shoals:2 | Killed Ilsuiw
 43703 | Shoals:2 | Noticed laqueoix's ghost (adept MiGl)
 43848 | Shoals:2 | Found a runed translucent gate.
 43849 | Shoals:2 | Found a runed translucent gate.
 43850 | Shoals:2 | Found a runed translucent gate.
 44017 | Shoals:2 | Killed laqueoix's ghost
 44045 | Shoals:2 | Learned a level 7 spell: Enfeeble
 45015 | Shoals:3 | Gained mutation: You are vulnerable to cold. (rC-)
                  | [mutagenic glow]
 45029 | Shoals:2 | Gained mutation: You are dopey. (Int -2) [mutagenic glow]
 45030 | Shoals:2 | Lost mutation: You are partially covered in large bone
                  | plates. (SH +4) [potion of mutation]
 45030 | Shoals:2 | Lost mutation: You have a pair of small horns on your head.
                  | [potion of mutation]
 45030 | Shoals:2 | Gained mutation: You have a somewhat thin skeletal
                  | structure. (Dex +2, Stealth+) [potion of mutation]
 45031 | Shoals:2 | Lost mutation: You expend magic power (3 MP) to strengthen
                  | your wands. [potion of mutation]
 45031 | Shoals:2 | Lost mutation: You are vulnerable to cold. (rC-) [potion of
                  | mutation]
 45031 | Shoals:2 | Gained mutation: You have a moderately thin skeletal
                  | structure. (Dex +4, Stealth++) [potion of mutation]
 45032 | Shoals:2 | Lost mutation: You are dopey. (Int -2) [potion of mutation]
 45032 | Shoals:2 | Lost mutation: You are robust. (+10% HP) [potion of
                  | mutation]
 45032 | Shoals:2 | Gained mutation: Your flesh is cold resistant. (rC+)
                  | [potion of mutation]
 45032 | Shoals:2 | Gained mutation: You expend magic power (3 MP) to
                  | strengthen your wands. [potion of mutation]
 46107 | Shoals:4 | Entered Level 4 of the Shoals
 46117 | Shoals:4 | Acquired the Catalogue of the Vapourous Burn
 46253 | Shoals:4 | Reached XP level 20. HP: 162/162 MP: 21/40
 46414 | Shoals:4 | Got a barnacled rune of Zot
 46498 | Shoals:4 | Identified the +2 scale mail of the Original Sin {+Blink
                  | rF+}
 46568 | Shoals:4 | Identified the +0 helmet "Suih Voinist" {rC+}
 46660 | Shoals:4 | Identified the +2 dagger of the Doomed Warrior {venom,
                  | *Corrode Fly rC- Dex+9}
 47529 | D:14     | Noticed Agnes
 47534 | D:14     | Killed Agnes
 47746 | D:14     | Noticed Nessos
 47753 | D:14     | Killed Nessos
 48226 | D:14     | Found a gate to the Vaults.
 48339 | D:14     | Found Georoink's Weapon Shop.
 48544 | D:15     | Entered Level 15 of the Dungeon
 49087 | D:15     | Found a staircase to the Depths.
 49375 | Vaults:1 | Entered Level 1 of the Vaults
 49376 | Vaults:1 | Identified the +7 rapier "Lukutri" {venom, rElec rN++ Str-4
                  | SInv}
 49680 | Vaults:1 | Found a flickering gateway to a bazaar.
 49685 | Bazaar   | Entered a bazaar
 49711 | Bazaar   | Found Caraomaex's Book Boutique.
 49751 | Bazaar   | Found Ovacruda's Magic Scroll Shoppe.
 49803 | Bazaar   | Found Iphuik's Book Shoppe.
 49860 | Bazaar   | Found Yteppeng's Book Shoppe.
 50114 | Bazaar   | Bought a scroll of amnesia for 60 gold pieces
 50114 | Bazaar   | Bought a scroll of acquirement for 780 gold pieces
 50114 | Bazaar   | Bought a scroll of blinking for 112 gold pieces
 50114 | Bazaar   | Acquired the +0 pair of boots "Tuatri" {Fly rC+ rN+}
 50465 | Vaults:1 | Identified the +5 mace "Fienuss" {speed, Fragile Dex+4}
 51075 | Vaults:1 | Noticed Saint Roka
 51091 | Vaults:1 | Killed Saint Roka
 51727 | Vaults:2 | Noticed Mara
 51728 | Vaults:2 | Reached XP level 21. HP: 170/170 MP: 35/41
 51748 | Vaults:2 | Killed Mara
 51846 | Vaults:2 | Noticed Xtahua
 51857 | Vaults:2 | Noticed Jory
 51861 | Vaults:2 | Killed Xtahua
 51875 | Vaults:2 | Killed Jory
 51876 | Vaults:2 | Reached skill level 15 in Hexes
 53263 | Vaults:2 | Found Feusud's Assorted Antiques.
 53474 | Vaults:3 | Identified the +1 leather armour "Zyac" {+Blink Will++}
 53497 | Vaults:3 | Found a flickering gateway to a bazaar.
 53507 | Bazaar   | Entered a bazaar
 53507 | Bazaar   | Found Gowedaf's Antique Weapon Shoppe.
 53507 | Bazaar   | Found Feogah's Book Emporium.
 53507 | Bazaar   | Found Tybraub's Weapon Shoppe.
 54260 | Vaults:3 | Found a staircase to the Crypt.
 54687 | Vaults:3 | Acquired the +0 hat of Eghenet {rN++ Will+ Str-5 Int+3}
 55197 | Vaults:4 | Learned a level 8 spell: Discord
 55383 | Vaults:4 | Reached XP level 22. HP: 180/180 MP: 33/43
 55444 | Vaults:4 | Reached skill level 15 in Dodging
 56262 | Vaults:5 | Entered Level 5 of the Vaults
 56740 | Vaults:5 | Noticed an ancient lich
 56745 | Vaults:5 | Noticed a dread lich
 57037 | Vaults:4 | Killed a dread lich
 57507 | Vaults:5 | Identified the ring of Onoudin {Drain rF+ Will+++ rCorr
                  | Str-3}
 57517 | Vaults:5 | Killed an ancient lich
 57601 | Vaults:5 | Noticed an ancient lich
 57620 | Vaults:5 | Killed an ancient lich
 57956 | Vaults:5 | Got a silver rune of Zot
 58009 | Vaults:5 | Got the Folio of Weird Tephra
 58050 | Vaults:5 | Reached XP level 23. HP: 180/180 MP: 45/45
 58200 | Vaults:5 | Identified the +1 battleaxe of Innocence {flame, Dex+2}
 58380 | Vaults:5 | Got the Incunable of Fetid Destruction
 58393 | Vaults:5 | Identified the staff of death "Ynaeseef" {rPois rC+ rN+
                  | Int-4 Dex+4}
 58397 | Vaults:5 | Identified the staff of fire "Ezaonyrch" {rF+ Str+3}
 58499 | Vaults:5 | Identified the +7 war axe of Precise Incision {heavy, rF+}
 58585 | Vaults:5 | Identified the +1 lajatang of Zackax {heavy, Int+6 Dex-2}
 58890 | Depths:1 | Entered Level 1 of the Depths
 58900 | Depths:1 | Noticed Bai Suzhen
 58908 | Depths:1 | Killed Bai Suzhen
 58925 | Depths:1 | Found a one-way gateway to a ziggurat.
 59173 | Depths:1 | Found a gateway to Hell.
 59270 | Depths:1 | Found a stormy altar of Qazlal.
 60471 | Depths:2 | Found a one-way gate leading to the halls of Pandemonium.
 60719 | Depths:3 | Found Enamon's Book Shoppe.
 60763 | Depths:3 | Found Qixtiem's Distillery.
 60803 | Depths:3 | Found Ockixuurr's General Store.
 60848 | Depths:3 | Found a flickering gateway to a bazaar.
 60854 | Bazaar   | Entered a bazaar
 60862 | Bazaar   | Found Heacka's Antique Weapon Shoppe.
 60873 | Bazaar   | Found Ostraeduo's Antique Weapon Emporium.
 60890 | Bazaar   | Found Aschy's Antique Armour Emporium.
 60901 | Bazaar   | Found Ewebbac's Antique Armour Shoppe.
 60988 | Depths:3 | Noticed a caustic shrike
 61005 | Depths:3 | Killed a caustic shrike
 61032 | Depths:3 | Noticed a juggernaut
 61037 | Depths:3 | Killed a juggernaut
 61773 | Depths:3 | Found Vugueral's Assorted Antiques.
 62505 | Depths:3 | Found a one-way gate to the infinite horrors of the Abyss.
 62547 | Depths:3 | Bought a potion of heal wounds for 65 gold pieces
 62547 | Depths:3 | Bought a potion of heal wounds for 65 gold pieces
 62547 | Depths:3 | Bought a potion of curing for 39 gold pieces
 62547 | Depths:3 | Bought a potion of curing for 39 gold pieces
 62547 | Depths:3 | Bought a potion of heal wounds for 65 gold pieces
 62547 | Depths:3 | Bought a potion of heal wounds for 65 gold pieces
 62547 | Depths:3 | Bought a potion of curing for 39 gold pieces
 62606 | Depths:3 | Bought a scroll of fog for 144 gold pieces
 62658 | Depths:3 | Bought 2 potions of haste for 360 gold pieces
 62671 | Depths:4 | Entered Level 4 of the Depths
 63020 | Depths:4 | Noticed Parghit
 63031 | Depths:4 | Killed Parghit
 63233 | Depths:4 | Noticed a caustic shrike
 63233 | Depths:4 | Noticed a caustic shrike
 63234 | Depths:4 | Noticed a caustic shrike
 63236 | Depths:4 | Killed a caustic shrike
 63242 | Depths:4 | Killed a caustic shrike
 63243 | Depths:4 | Killed a caustic shrike
 63492 | Depths:4 | Noticed a caustic shrike
 63494 | Depths:4 | Noticed a caustic shrike
 63496 | Depths:4 | Killed a caustic shrike
 63496 | Depths:4 | Noticed a caustic shrike
 63499 | Depths:4 | Noticed a caustic shrike
 63505 | Depths:4 | Killed a caustic shrike
 63508 | Depths:4 | Noticed a caustic shrike
 63509 | Depths:4 | Killed a caustic shrike
 63510 | Depths:4 | Reached XP level 24. HP: 146/198 MP: 27/46
 63839 | Depths:4 | Identified the +10 flail of Courage {flame, Str+2 Dex+3}
 64067 | Depths:4 | Identified the +11 glaive "Axzosh" {heavy, *Rage rCorr MP+9
                  | Str+7}
 64712 | Depths:4 | Found a gate to the Realm of Zot.
 64829 | Depths:4 | Found a hazy altar of Hepliaklqana.
 65363 | Hell     | Entered the Vestibule of Hell
 65363 | Hell     | Noticed Geryon
 65864 | Hell     | Killed Geryon
 65908 | Hell     | Found a gateway to the ashen valley of Gehenna.
 66025 | Hell     | Found a gateway to the freezing wastes of Cocytus.
 66088 | Hell     | Found a gateway to the decaying netherworld of Tartarus.
 66330 | Hell     | Found a gateway to the Iron City of Dis.
 66496 | Zot:1    | Entered Level 1 of the Realm of Zot
 66606 | Zot:1    | Learned a level 6 spell: Statue Form
 67107 | Zot:1    | Identified the +0 scale mail "Kiofeddu" {Int+5}
 67130 | Zot:1    | Reached XP level 25. HP: 207/207 MP: 37/46
 68726 | Zot:2    | Upgraded the game from 0.30.1-11-g7821555f0a to 0.30.2
 69033 | Zot:2    | Identified the amulet of Uruangic {rF+ Regen+ Str+3 Slay+2}
 69820 | Zot:3    | Noticed an orb of fire
 69830 | Zot:3    | Killed an orb of fire
 71548 | Zot:5    | Entered Level 5 of the Realm of Zot
 72041 | Zot:5    | Noticed a dread lich
 72056 | Zot:5    | Killed a dread lich
 72061 | Zot:5    | Noticed an orb of fire
 72062 | Zot:5    | Noticed a Killer Klown
 72064 | Zot:5    | Noticed a dread lich
 72065 | Zot:5    | Noticed a Killer Klown
 72066 | Zot:5    | Noticed an orb of fire
 72066 | Zot:5    | Noticed a Killer Klown
 72067 | Zot:5    | Killed an orb of fire
 72068 | Zot:5    | Noticed an orb of fire
 72072 | Zot:5    | Killed a Killer Klown
 72074 | Zot:5    | Noticed a Killer Klown
 72079 | Zot:5    | Killed a dread lich
 72084 | Zot:5    | Killed an orb of fire
 72085 | Zot:5    | Reached XP level 26. HP: 216/216 MP: 11/47
 72260 | Zot:5    | Killed an orb of fire
 72649 | Zot:5    | Noticed an ancient lich
 72658 | Zot:5    | Killed an ancient lich
 72963 | Zot:5    | Got the Orb of Zot
 73085 | Zot:1    | Noticed Hawk the pandemonium lord
 73553 | D:$      | Escaped with the Orb!

Illustrated notes

Levels and vault maps discovered:
D:1:      scummos_arrival_checkerplants, layout_basic
D:2:      layout_basic, minivault_11, uniq_sigmund
D:3:      layout_basic, mainiacjoe_overflow_six_doors_small,
          portal_sewer_entry_d, ebering_ecumenical_altar_abandoned
D:4:      layout_gridville, minmay_temple_entry_offerings
D:5:      minmay_inner_zag, layout_gridville, nicolae_uskayaw_suspiria,
          uniq_blork_the_orc
D:6:      wad_guarded_room, layout_cave_pools, nicolae_ru_sacrificial_ziggurat,
          hellmonk_ghost_happy_afterlife, serial_shops, nicolae_shop_rolled_up,
          uniq_eustachio
D:7:      layout_basic, lightli_temple_of_fire, nicolae_ossuary_entry_giza,
          enter_bailey_5, ebering_ghost_rock_garden
D:8:      layout_loops_ring, erik_lair_island, disabler_island
D:9:      layout_basic, chequers_temple_overflow_statue_of_worship,
          trog_three_pillars_becter, zombieorc1_lemuel, uniq_grum
D:10:     layout_layer_cave, mainiacjoe_overflow_cross_hatched, uniq_joseph
D:11:     layout_loops_ring, portal_ice_cave_entry_pillars_2, uniq_snorg
D:12:     layout_cave_pools, serial_shops, shop, chequers_serial_rivers_small_b,
          minmay_joined_circles
D:13:     minmay_razor_zed, layout_loops_ring, gammafunk_ghost_necromancy
D:14:     layout_irregular_city, david_vaults_4, serial_shops, shop_statue,
          serial_glass, glass_columns_b, glass_columns_c,
          hellmonk_bongcloud_opening, uniq_nessos, uniq_agnes
D:15:     gammafunk_enter_depths_forms, layout_basic, solitary_fountain
Temple:   eino_temple_water
Lair:1:   layout_regular_city, grunt_megastairs_4
Lair:2:   layout_layer_cave, minmay_shoals_entry_lonely_mermaid
Lair:3:   layout_roguey, spider_nest_entry_webs, grunt_megastairs_1
Lair:4:   layout_cellular_growth, slime_entry_1, nicolae_volcano_entry_lava_flow
Lair:5:   gammafunk_lair_ancient_temple, layout_long_grid
Shoals:1: layout_shoals
Shoals:2: layout_shoals, ebering_ghost_disaster_area,
          nicolae_shoals_beach_cooler, uniq_ilsuiw, uniq_mlioglotl
Shoals:3: layout_shoals, st_shoals_ruin
Shoals:4: shoals_end_grunt_ice, layout_shoals, shoals_ilsuiw_alternative
Spider:1: layout_spider_delve
Spider:2: layout_spider_delve, uniq_aizul, uniq_arachne
Spider:3: layout_spider_delve, nicolae_spider_eight_legs, uniq_roxanne
Spider:4: guppyfry_spider_rune
Orc:1:    layout_diamond_mine
Orc:2:    st_orc_rangers, layout_caves, nicolae_shop_overcharged_wands
Elf:1:    eino_elf_arrival_shootout, layout_loops_ring,
          hangedman_elven_crosses_minicolossus,
          minmay_the_grid_square_5x5_3x3_mashed
          [minmay_the_grid_square_5x5_two_walls_b,
          minmay_the_grid_square_5x5_plus, minmay_the_grid_square_5x5_longway,
          minmay_the_grid_square_5x5_meh,
          minmay_the_grid_square_5x5_megaprize_diamond,
          minmay_the_grid_square_5x5_slash, minmay_the_grid_square_5x5_fat_x,
          minmay_the_grid_square_5x5_fancy_junction,
          minmay_the_grid_square_5x5_n]
Elf:2:    elven_hall_of_blades_hangedman_alternative
          [nicolae_blade_entry_area_security], layout_geoelf_grid, serial_shops,
          shop, nicolae_elf_v_pinch, nicolae_elf_glass_and_crystal_pillar_1,
          evilmike_minifort
Elf:3:    minmay_elf_hall_x, layout_geoelf_castle, mu_enter_wizlab_2,
          serial_shops, nicolae_shop_tiny_waterfront, gammafunk_ghost_arena,
          minivault_27, uniq_donald, uniq_nikola
Vaults:1: vaults_mumra_minichess_inversion, nicolae_vaults_three_branches,
          nicolae_vaults_weapon_check, vaults_dpeg_encased_lava,
          nicolae_vaults_murder_corner, layout_vaults_omnigrid, serial_shops,
          bzr_entry_road, uniq_saint_roka
Vaults:2: vaults_room_semicircle, nicolae_vaults_apartment_1, v_misc_4,
          nicolae_vaults_little_squares_6, vaults_room_stairs_pillars,
          ontoclasm_vaults_gallery, hangedman_vaults_stitches,
          ontoclasm_vaults_fault, nicolae_vaults_storage_closets_1,
          nicolae_vaults_network_quincunx
          [nicolae_vaults_network_quincunx_subvault,
          nicolae_vaults_network_quincunx_subvault,
          nicolae_vaults_network_quincunx_subvault,
          nicolae_vaults_network_quincunx_subvault,
          nicolae_vaults_network_quincunx_subvault], vaults_room_fours,
          nicolae_vaults_double_plus_1, layout_vaults_big_cross, serial_shops,
          nicolae_shop_real_fake_doors, uniq_jory, uniq_xtahua, uniq_mara
Vaults:3: nicolae_vaults_shipping_containers_4, v_misc_29, v_misc_5, v_misc_33,
          nicolae_vaults_big_ls, v_misc_25, minmay_crypt_entry_simple_round,
          nicolae_vaults_doubleplus_tesselated, dpeg_vaults_monster_row,
          nicolae_vaults_apartment_2, ontoclasm_vaults_tryst,
          layout_vaults_omnibox, serial_shops, freezing_bzr
Vaults:4: ontoclasm_vaults_chip, nicolae_vaults_tetromino_T_1,
          hangedman_vaults_locks, nicolae_vaults_double_plus_2, v_rooms_2,
          v_misc_19, nicolae_vaults_tetromino_T_2, nicolae_vaults_six-pack,
          hangedman_vaults_maws, nicolae_vaults_tetromino_T_1,
          nicolae_vaults_closet_pinwheel_1, layout_vaults_ring
Vaults:5
Depths:1: layout_cave_pools, enter_ziggurat_d, hell_entry,
          nicolae_twisting_strands, nicolae_qazlal_scattered_showers,
          uniq_bai_suzhen
Depths:2: hellmonk_crumbling_castle, layout_gridlike, pf_coc_iceberg,
          hangedman_decor_growths, rand_demon_pan_entry_3
Depths:3: minmay_two_paths, layout_honeycomb, abyss_entry_small_statue_room,
          serial_shops, bzr_entry_safe, nicolae_stop_n_shop_2,
          nicolae_shop_peninsula, shop, shop, ebering_dispersal_statue_hall,
          hell_entry, kennysheep_small_circle, infiniplex_staircase_pool_1
Depths:4: lemuel_castle_with_subvaults [lemuel_castle_interior_carwin_1],
          layout_gridville, hell_entry, nicolae_sextant,
          nicolae_hepliaklqana_hazy_memory, uniq_parghit
Hell
Zot:1:    nicolae_zot_stationary_front, layout_cathedral_of_symmetry,
          grunt_ministairs_5
Zot:2:    layout_twisted_circle
Zot:3:    layout_basic
Zot:4:    layout_onion_interference
Zot:5:    layout_twisted_circle, nicolae_lava_and_water

Skill      XL: |  1  2  3  4  5  6  7  8  9 10 11 12 13 14 15 16 17 18 19 20 21 22 23 24 25 26 |
---------------+-------------------------------------------------------------------------------+-----
Dodging        | 2 3 4 5 6 7 8 9 10 11 12 13 14 15 16 17 | 17.9
Fighting       | 2 3 4 5 6 7 8 9 10 11 12 13 14 15 16 17 18 19 20 | 20.8
Transmutations | 3 4 5 7 8 10 11 12 13 14 15 16 17 18 19 20 | 20.5
Spellcasting   | 3 4 5 7 8 9 10 11 12 13 14 15 16 17 18 19 20 21 | 21.0
Unarmed Combat | 4 5 6 7 9 10 12 13 14 16 17 18 19 20 21 22 | 22.9
Invocations    | 2 4 5 |  5.0
Evocations     | 2 4 5 7 8 |  8.7
Hexes          | 4 8 11 12 14 16 18 19 20 21 22 | 22.0

Action                     |  1- 3 |  4- 6 |  7- 9 | 10-12 | 13-15 | 16-18 | 19-21 | 22-24 | 25-27 || total
---------------------------+-------+-------+-------+-------+-------+-------+-------+-------+-------++-------
  Melee: Unarmed           |    64 |    60 |   254 |   325 |   767 |   555 |   786 |   645 |   259 ||  3715
         Tailslap          |     7 |     4 |    11 |    45 |   158 |    99 |   153 |   133 |    60 ||   670
         Kick              |    13 |     9 |    14 |       |       |       |       |       |       ||    36
         Headbutt          |     6 |     7 |     8 |    55 |   177 |     8 |     1 |       |       ||   262
         Punch             |       |       |     6 |    18 |    84 |    61 |   110 |    99 |    40 ||   418
         Bite              |       |       |       |       |    14 |    64 |   100 |   100 |    32 ||   310
  Throw: Dart              |       |     5 |    26 |    17 |    43 |     5 |       |       |       ||    96
         Throwing net      |       |       |       |       |     1 |       |       |       |       ||     1
   Cast: Beastly Appendage |    19 |    10 |    11 |       |       |       |       |       |       ||    40
         Wereblood         |     3 |     3 |    10 |    17 |    40 |    14 |    12 |       |       ||    99
         Spider Form       |       |     2 |    18 |     1 |       |       |       |       |       ||    21
         Ice Form          |       |       |     3 |     7 |     2 |       |     1 |       |       ||    13
         Blade Hands       |       |       |       |    46 |    86 |       |       |       |       ||   132
         Inner Flame       |       |       |       |       |     5 |    20 |       |       |       ||    25
         Yara's Violent Un |       |       |       |       |     4 |    91 |    49 |    43 |    10 ||   197
         Dragon Form       |       |       |       |       |    18 |    89 |   100 |    81 |    42 ||   330
         Tukima's Dance    |       |       |       |       |       |    18 |    24 |    11 |     4 ||    57
         Cause Fear        |       |       |       |       |       |       |    22 |     3 |       ||    25
         Irradiate         |       |       |       |       |       |       |     5 |     4 |     5 ||    14
         Enfeeble          |       |       |       |       |       |       |    24 |    58 |    37 ||   119
         Discord           |       |       |       |       |       |       |       |    44 |    20 ||    64
         Statue Form       |       |       |       |       |       |       |       |     2 |     3 ||     5
 Invoke: Ancestor Life: Kn |       |       |       |     1 |       |       |       |       |       ||     1
         Recall Ancestor   |       |       |       |     2 |     3 |     4 |     3 |     2 |     2 ||    16
         Transference      |       |       |       |       |     1 |       |       |       |       ||     1
         Idealise          |       |       |       |       |       |       |       |       |     1 ||     1
Ability: Breathe Dispellin |       |       |    11 |    10 |    22 |    57 |    41 |    10 |    13 ||   164
         End Transformatio |       |       |     1 |     2 |     1 |       |       |     1 |       ||     5
  Evoke: Wand              |       |     3 |    17 |    19 |     4 |    14 |     4 |       |     3 ||    64
         Box of beasts     |       |       |       |       |     1 |     2 |     1 |       |     1 ||     5
         Horn of Geryon    |       |       |       |       |       |       |       |     1 |       ||     1
    Use: Potion            |     2 |       |       |     4 |     4 |     2 |     4 |     4 |     3 ||    23
         Scroll            |     5 |     3 |     7 |    13 |    10 |     6 |    14 |     4 |     2 ||    64
   Stab: Sleeping          |       |     1 |     1 |     1 |     2 |     1 |     9 |     5 |     3 ||    23
         Paralysed         |       |       |     6 |     1 |       |       |       |       |       ||     7
         Distracted        |       |       |       |     7 |     9 |     6 |    16 |    25 |     5 ||    68
         Invisible         |       |       |       |       |       |       |     5 |    32 |     9 ||    46
         Fleeing           |       |       |       |       |       |       |       |     1 |       ||     1
 Armour: Skin              |    10 |    14 |    48 |    79 |   205 |   251 |   263 |   206 |    76 ||  1152
  Dodge: Dodged            |    24 |    50 |   227 |   216 |   629 |   543 |   678 |   548 |   241 ||  3156
  Block: Other             |       |       |       |       |    11 |     5 |    74 |    97 |    11 ||   198
         Reflection        |       |       |       |       |       |       |     2 |     3 |       ||     5
